 Dungeon Crawl Stone Soup version 0.20.1-1-g8b1a95d (webtiles) character file.

103 Linguinho the Chucker (level 4, -3/42 HPs)
             Began as a Troll Hunter on Nov 14, 2017.
             Slain by Linguinho's ghost (8 damage)
             ... on level 3 of the Dungeon.
             The game lasted 00:01:54 (1507 turns).

Linguinho the Chucker (Troll Hunter)                Turns: 1507, Time: 00:01:55

Health: -3/42      AC:  5    Str: 21    XL:     4   Next: 51%
Magic:  3/3        EV: 10    Int:  7    God:
Gold:   203        SH:  0    Dex: 10    Spells: 3/3 levels left

rFire    . . .     SeeInvis .     - Unarmed
rCold    . . .     Gourm    +   (no shield)
rNeg     . . .     Faith    .   b - +0 robe
rPois    .         Spirit   .   (helmet restricted)
rElec    .         Reflect  .   (no cloak)
rCorr    .         Harm     .   (gloves unavailable)
MR       .....                  (boots unavailable)
Stlth    +.........             (no amulet)
Regen    0.6/turn               (no ring)
MPRegen  0.1/turn               (no ring)

@: no status effects
A: unfitting armour, claws 3, fast metabolism 3, gourmand, regeneration 1,
shaggy fur 1, tough skin 2
a: no special abilities


You were on level 3 of the Dungeon.
You were very full.

You visited 1 branch of the dungeon, and saw 4 of its levels.

You collected 203 gold pieces.

Inventory:

Missiles
 c - 3 large rocks (quivered)
 d - 2 throwing nets
Armour
 b - a +0 robe (worn)
Jewellery
 k - a cursed -5 ring of evasion {unknown}
Scrolls
 a - a scroll of enchant armour {unknown}
 i - a scroll of remove curse {unknown}
 j - 2 scrolls of recharging {unknown}
 l - 2 scrolls of teleportation {unknown}
 m - 3 scrolls of identify {unknown}
 p - a scroll of noise {unknown}
Potions
 e - a potion of curing {unknown}
 n - a potion of flight {unknown}
 o - 2 potions of magic {unknown}
 q - a potion of mutation {unknown}
Comestibles
 f - 4 bread rations
 g - 2 meat rations
 h - 4 chunks of flesh


   Skills:
 + Level 1.9 Fighting
 + Level 4.1 Throwing
 + Level 1.9 Dodging
 - Level 0.3 Stealth
 * Level 3.0 Unarmed Combat


You had 3 spell levels left.
You didn't know any spells.

Dungeon Overview and Level Annotations

Branches:
Dungeon (4/15)
 Temple: D:4-7

Altars:
Kikubaaqudgha
Okawaru
Trog

Annotations:
D:3 Linguinho's ghost, amateur TrHu


Innate Abilities, Weirdness & Mutations

You are too large for most types of armour.
You have claws for hands.
Your metabolism is lightning-fast.
You like to eat raw meat.
Your natural rate of healing is unusually fast.
You are covered in fur. (AC +1)
You have very tough skin. (AC +2)


Message History

Linguinho's ghost is severely damaged.
Linguinho's ghost hits you.
You barely miss Linguinho's ghost.
Linguinho's ghost is severely damaged.
Linguinho's ghost barely misses you.
You completely miss Linguinho's ghost.
Linguinho's ghost is severely damaged.
Linguinho's ghost hits you!
You closely miss Linguinho's ghost.
Linguinho's ghost is severely damaged.
Linguinho's ghost hits you!
* * * LOW HITPOINT WARNING * * *
Throwing (i - inventory. (,) - cycle):
c - 4 large rocks (quivered)
Press: ? - help, Shift-Dir - straight line, f/p - Linguinho's ghost
Aim: Linguinho's ghost (severely damaged)
You throw a large rock.
The large rock hits Linguinho's ghost but does no damage.
Linguinho's ghost is severely damaged.
Linguinho's ghost hits you!
You die...

#######.#########.(#.#
#.# ####..(.#####
####.# #...........#
#....# #.#.....###.#
#..########.#.....# #.#
#..# #.....##....# #.#
#..# #.######..#.# #.#
#..# ##....###(.#.# #.#
#..# #....>@W.....# #.#
#..# #.....###..### #.#
#..# #....## #).# #.###
#..####...####(.# #...#
#...............# ###.#
##.......######.# #.#
#####...# #.# ##.#
#...# #.# ##>.####
#...######.#####.......


You could see Linguinho's ghost.

Vanquished Creatures
  Jessica (D:2)
  2 worms (D:2)
  4 dart slugs
  A leopard gecko (D:1)
  2 giant cockroaches (D:1)
  10 goblins
  6 hobgoblins
  12 jackals
  8 bats
  3 frilled lizards (D:1)
  5 kobolds
  3 rats
57 creatures vanquished.

Notes
Turn   | Place    | Note
-------+----------+-------------------------------------------
     0 | D:1      | Linguinho the Troll Hunter began the quest for the Orb.
     0 | D:1      | Reached XP level 1. HP: 19/19 MP: 0/0
    49 | D:1      | Reached XP level 2. HP: 17/27 MP: 1/1
   156 | D:1      | Reached skill level 4 in Throwing
   282 | D:1      | Reached skill level 1 in Unarmed Combat
   430 | D:1      | Reached XP level 3. HP: 35/35 MP: 2/2
   729 | D:2      | Found an iron altar of Okawaru.
   739 | D:2      | Noticed Jessica
   751 | D:2      | Killed Jessica
   751 | D:2      | Reached XP level 4. HP: 13/42 MP: 3/3
   855 | D:2      | Found an ancient bone altar of Kikubaaqudgha.
  1090 | D:2      | Found a bloodstained altar of Trog.
  1423 | D:3      | Noticed Linguinho's ghost (amateur TrHu)
  1507 | D:3      | Slain by Linguinho's ghost

Skill      XL: |  1  2  3  4 |
---------------+-------------+-----
Throwing       | 4 |  4.1
Unarmed Combat | 1 2 3 |  3.0
Fighting       | |  1.9
Dodging        | |  1.9
Stealth        | |  0.3

Action                   |  1- 3 |  4- 6 || total
-------------------------+-------+-------++-------
Melee: Unarmed           |   107 |    64 ||   171
       Punch             |       |     2 ||     2
Throw: Large rock        |       |     2 ||     2
 Stab: Sleeping          |       |     1 ||     1
  Eat: Chunk             |    12 |     7 ||    19
Armor: Robe              |    53 |    14 ||    67
Dodge: Dodged            |    66 |    17 ||    83
